 Dungeon Crawl Stone Soup version 0.20.0 (webtiles) character file.

112 FakerFangirl the Slasher (level 4, -1/38 HPs)
             Began as a Draconian Fighter on May 25, 2017.
             Slain by an orc wizard
             ... wielding a +0 dagger
              (2 damage)
             ... on level 3 of the Dungeon.
             The game lasted 00:01:54 (2063 turns).

FakerFangirl the Slasher (Draconian Fighter)        Turns: 2063, Time: 00:01:54

Health: -1/38      AC:  7    Str: 18    XL:     4   Next: 63%
Magic:  4/4        EV: 10    Int:  9    God:
Gold:   70         SH:  9    Dex: 11    Spells: 3/3 levels left

rFire    . . .     SeeInvis .   Y - +0 long sword
rCold    . . .     Gourm    .   b - +0 shield
rNeg     . . .     Faith    .   (armour unavailable)
rPois    .         Spirit   .   (helmet restricted)
rElec    .         Reflect  .   (no cloak)
rCorr    .         Harm     .   g - +1 pair of gloves
MR       .....                  (no boots)
Stlth    +.........             (no amulet)
Regen    0.2/turn               (no ring)
MPRegen  0.1/turn               (no ring)

@: no status effects
A: unfitting armour, cold-blooded, AC +5
a: no special abilities


You were on level 3 of the Dungeon.
You were not hungry.

You visited 1 branch of the dungeon, and saw 3 of its levels.

You collected 70 gold pieces.


Innate Abilities, Weirdness & Mutations

Your plain brown scales are hard. (AC +5)
You cannot fit into any form of body armour.
You are cold-blooded and may be slowed by cold attacks.


   Skills:
 - Level 3.2 Fighting
 + Level 4.9 Long Blades
 - Level 2.6 Dodging
 - Level 3.0 Shields


You had 3 spell levels left.
You didn't know any spells.

Inventory:

Hand Weapons
 d - a +0 dagger
 Y - a +0 long sword (weapon)
Armour
 b - a +0 shield (worn)
 g - a +1 pair of gloves (worn)
Jewellery
 f - an uncursed ring of magical power {unknown}
Potions
 c - a potion of might
 h - a potion of cancellation {unknown}
 i - a potion of lignification {unknown}
Comestibles
 j - a chunk of flesh

Dungeon Overview and Level Annotations

Branches:
Dungeon (3/15)

Altars:
Okawaru


Message History

The orc wizard casts a spell.
The orc wizard seems to speed up.
The orc priest mumbles some strange prayers to Beogh against you.
Beogh smites you! You block the leopard gecko's attack.
You closely miss the leopard gecko. The leopard gecko bites you.
The leopard gecko closely misses you.
You slash the leopard gecko!
You kill the leopard gecko!
You block the orc wizard's attack.
You closely miss the orc wizard. The orc wizard hits you with a dagger.
The orc wizard casts a spell at you. The puff of frost hits you!
You closely miss the orc wizard. You block the orc wizard's attack.
The orc wizard hits you but does no damage.
You hit the orc wizard.
The orc wizard is moderately wounded.
The orc wizard hits you with a dagger.
You die...

# #.
###.###
#....<#
#.###.#
#@# #o#
.o.
.#.##
#.... #
#.# #..
#..


You could see an orc priest and an orc wizard.

Vanquished Creatures
  Natasha (thrice) (D:2)
  A worm (D:2)
  2 leopard geckos
  An orc (D:3)
  6 bats
  2 giant cockroaches (D:1)
  5 goblins
  6 hobgoblins (D:1)
  2 kobolds (D:1)
  A quokka (D:2)
  2 frilled lizards
  4 rats
35 creatures vanquished.

Notes
Turn   | Place    | Note
-------+----------+-------------------------------------------
     0 | D:1      | FakerFangirl the Draconian Fighter began the quest for the Orb.
     0 | D:1      | Reached XP level 1. HP: 19/19 MP: 1/1
     0 | D:1      | 0 ||| counter = 27
   111 | D:1      | Reached XP level 2. HP: 20/26 MP: 2/2
   237 | D:1      | Reached skill level 3 in Long Blades
   616 | D:1      | 616 ||| READING scroll labeled SUQYCA KIDU.
   761 | D:2      | Reached XP level 3. HP: 31/31 MP: 3/3
   939 | D:2      | Noticed Natasha
   949 | D:2      | Killed Natasha
   949 | D:2      | Reached skill level 4 in Long Blades
  1011 | D:2      | Noticed Natasha
  1020 | D:2      | Killed Natasha
  1020 | D:2      | Reached XP level 4. HP: 10/38 MP: 4/4
  1221 | D:2      | 1221 ||| EATING bread ration.
  1294 | D:2      | Found an iron altar of Okawaru.
  1340 | D:2      | HP: 9/38 [worm (4)]
  1671 | D:2      | Noticed Natasha
  1683 | D:2      | Killed Natasha
  2008 | D:2      | 2008 ||| UPGRADING to pair of gloves.
  2013 | D:2      | 2013 ||| READING scroll labeled JAMOEPR YZUEL.
  2017 | D:2      | 2017 ||| READING 2 scrolls labeled BYSICZUFAXA.
  2018 | D:2      | 2018 ||| READING scroll of enchant armour.
  2018 | D:2      | 2018 ||| ENCHANTING +0 pair of gloves.
  2058 | D:3      | HP: 8/38 [orc priest/divine providence (14)]
  2061 | D:3      | HP: 1/38 [orc wizard/puff of frost (6)]
  2063 | D:3      | Slain by an orc wizard

Vault maps used:
D:1:      wheals_arrival_shading
D:2:      kennysheep_okawaru_gauntlet, uniq_natasha
D:3:      lemuel_crystal_altar, chequers_ecumenical_altar_island

Skill      XL: |  1  2  3 |
---------------+----------+-----
Long Blades    | 3 4 |  4.9
Fighting       | |  3.2
Dodging        | |  2.6
Shields        | |  3.0

Action                   |  1- 3 |  4- 6 || total
-------------------------+-------+-------++-------
Melee: Long sword        |    68 |    41 ||   109
       Tailslap          |     4 |     6 ||    10
  Use: Scroll            |     1 |     3 ||     4
  Eat: Bread ration      |       |     1 ||     1
Armor: Skin              |     7 |    11 ||    18
Dodge: Dodged            |    27 |    13 ||    40
Block: Shield            |    31 |    17 ||    48
       Rpst.: Long sword |    11 |     2 ||    13
